AoeStats
← zdena.omega

Nomad

507825941Analyzed
2v2 RM · 12d ago on Sep 19, 2026· 44m 27s· 4 players
Game mode
Random Map
Map size
176×176
Population
200
Speed
Normal
Resources
Standard
Victory
Conquest
Starting age
Dark Age
Ending age
Imperial Age
RankedLock teamsTeams togetherTeam positionsShared explorationLock speedFull tech treeHidden civsTurbo modeCheats
Victory
Defeat
🇳🇴 Huns · Norway
1120
+17
🇳🇴 Spanish · Norway
1117
+17
🇨🇿 Britons · Czechia
1141
-17
🇨🇿 Mongols · Czechia
1130
-17
UberDosen
3:04 Loom
13:24 Feudal Age
14:06 Double-Bit Axe
14:11 Man-at-Arms
15:58 Gold Mining
26:12 Castle Age
24:48 Fletching
25:04 Scale Barding Armor
25:28 Horse Collar
25:58 Stone Mining
26:51 Elite Skirmisher
31:17 Wheelbarrow
31:53 Padded Archer Armor
31:53 Scale Mail Armor
32:03 Forging
34:35 Thumb Ring
37:40 Gold Shaft Mining
37:25 Leather Archer Armor
36:56 Fishing Lines
37:52 Hand Cart
38:13 Heavy Plow
39:37 Bow Saw
40:13 Gillnets
46:31 Imperial Age
TheRealBjornen
11:26 Loom
14:04 Feudal Age
18:01 Castle Age
16:46 Stone Mining
24:07 Horse Collar
24:14 Double-Bit Axe
25:33 Fletching
26:15 Padded Archer Armor
27:55 Bodkin Arrow
37:50 Imperial Age
37:00 Ballistics
40:44 Chemistry
40:07 Conscription
42:23 Bloodlines
42:14 Husbandry
43:45 Elite Conquistador
44:43 Leather Archer Armor
Tomanda
9:57 Loom
14:03 Feudal Age
20:57 Castle Age
20:43 Fletching
21:22 Padded Archer Armor
21:40 Elite Skirmisher
34:47 Imperial Age
34:04 Wheelbarrow
35:23 Leather Archer Armor
38:58 Bodkin Arrow
40:16 Gambesons
39:53 Pikeman
40:33 Squires
40:46 Forging
zdena.omega
8:15 Loom
13:33 Feudal Age
15:05 Town Watch
15:44 Double-Bit Axe
20:21 Castle Age
18:55 Gold Mining
19:19 Fletching
19:30 Padded Archer Armor
21:30 Bow Saw
24:13 Scale Mail Armor
24:35 Scale Barding Armor
29:04 Horse Collar
30:51 Leather Archer Armor
32:01 Wheelbarrow
33:21 Bodkin Arrow
34:41 Ballistics
43:31 Imperial Age
42:56 Gold Shaft Mining
44:38 Conscription
Connection lost

Rejoining the realm…

Still unreachable

The connection could not be restored.

Session expired

The server has moved on; the page needs a fresh start.